[Event "41st Amateur D7"]
[Site "ChessGUI4"]
[Date "2013.07.12"]
[Round "35.5"]
[White "Tigran 2.3 64-bit"]
[Black "Butcher 1.64 64-bit"]
[Result "0-1"]
[BlackElo "2355"]
[ECO "E58"]
[EventDate "2013.??.??"]
[TimeControl "40/1500:40/1500:40/1500"]
[WhiteElo "2289"]

{ i5 Quad } 1.d4 Nf6 2.c4 e6 3.Nc3 Bb4 4.e3 O-O 5.Bd3 c5 6.Nf3 d5 7.O-O Nc6 8.a3 Bxc3 9.bxc3 b6
{ [%eval 16,11] [%emt 0:01: 06] (b6) } 10.Qa4
{ [%eval 32,13] [%emt 0:00:42] (cxd5) } 10...Bb7
{ [%eval 4,11] [%emt 0:00:59] (Bd7) } 11.Rb1
{ [%eval 37,12] [%emt 0:00:42] (cxd5) } 11...dxc4
{ [%eval -58,11] [%emt 0:00:59] (Qd7) } 12.Bxc4
{ [%eval 18,13] [%emt 0:00:37] (Bxc4) } 12...Na5
{ [%eval -26,11] [%emt 0:00:58] (Rc8) } 13.Be2
{ [%eval -1,13] [%emt 0:00:36] (Be2) } 13...cxd4
{ [%eval -15,11] [%emt 0:01:05] (Rc8) } 14.cxd4
{ [%eval 16, 13] [%emt 0:00:43] (cxd4) } 14...Be4
{ [%eval -6,11] [%emt 0:01:03] (Be4) } 15.Rb2
{ [%eval 5,14] [%emt 0:00:35] (Rb2) } 15...Nd5
{ [%eval -26,12] [%emt 0:01:02] (Nd5) } 16.Bd2
{ [%eval 4,13] [%emt 0:00:44] (Bd2) } 16...Rc8
{ [%eval 0,12] [%emt 0:01:01] (Rc8) } 17.Ne5
{ [%eval 15,13] [%emt 0:00:37] (Ba6) } 17...Nc3
{ [%eval -6,11] [%emt 0: 00:59] (Nc3) } 18.Bxc3
{ [%eval 12,13] [%emt 0:00:44] (Bxc3) } 18...Rxc3
{ [%eval -24, 11] [%emt 0:00:51] (Rxc3) } 19.Qb4
{ [%eval 4,13] [%emt 0:00:39] (Qb4) } 19...Rc8
{ [%eval -7,11] [%emt 0:00:58] (Rc7) } 20.f3
{ [%eval 27,12] [%emt 0:00:45] (Ba6) } 20...Bb7
{ [%eval -7,11] [%emt 0:00:57] (f6) } 21.Bb5
{ [%eval 25,12] [%emt 0:00:45] (Bb5) } 21...Rc7
{ [%eval -16,11] [%emt 0:00:48] (f6) } 22.Rfb1
{ [%eval 15,12] [%emt 0:00:45] (f4) } 22...f6
{ [%eval -15,11] [%emt 0:00:48] (Qc8) } 23.Nc4
{ [%eval 10,13] [%emt 0:00:46] (Ng4) } 23...Nxc4
{ [%eval -19,12] [%emt 0:00:47] (Nxc4) } 24.Bxc4
{ [%eval 10,14] [%emt 0:00:46] (Bxc4) } 24...Qd7
{ [%eval -5,12] [%emt 0:00:46] (Bd5) } 25.Rc2
{ [%eval 12,14] [%emt 0:00:38] (Rc2) } 25...Rfc8
{ [%eval 0,12] [%emt 0:00:45] (Rfc8) } 26.Rbc1
{ [%eval 8,15] [%emt 0:00:47] (Rbc1) } 26...Ba6
{ [%eval 8,12] [%emt 0:00:44] (Ba6) } 27.f4
{ [%eval 3,15] [%emt 0:00:47] (Bb3) } 27...Bxc4
{ [%eval -13,13] [%emt 0:00:44] (Bxc4) } 28.Rxc4
{ [%eval 2,16] [%emt 0:00:40] (Rxc4) } 28...Kf7
{ [%eval -5,12] [%emt 0:00:43] (Rc6) } 29.h3
{ [%eval 8,14] [%emt 0:00:49] (Kf2) } 29...h6
{ [%eval -12,12] [%emt 0:00:42] (Kg8) } 30.Rxc7
{ [%eval 5,15] [%emt 0:00:49] (Kf2) } 30...Rxc7
{ [%eval -20,12] [%emt 0:00:41] (Rxc7) } 31.Rc4
{ [%eval 0,15] [%emt 0:00:49] (Rxc7) } 31...g5
{ [%eval -13,13] [%emt 0:00:40] (Qc8) } 32.Qc3
{ [%eval 9,16] [%emt 0:00:49] (fxg5) } 32...Rxc4
{ [%eval -25,14] [%emt 0:00:39] (Rxc4) } 33.Qxc4
{ [%eval 7,15] [%emt 0:00:50] (Qxc4) } 33...gxf4
{ [%eval -28,13] [%emt 0:00:34] (Kg7) } 34.exf4
{ [%eval 0,15] [%emt 0:00:48] (exf4) } 34...f5
{ [%eval -34,13] [%emt 0:00:32] (f5) } 35.g4
{ [%eval -48,14] [%emt 0:00:53] (Qc3) } 35...fxg4
{ [%eval -95,12] [%emt 0:00:30] (fxg4) } 36.hxg4
{ [%eval -53,15] [%emt 0:00:47] (hxg4) } 36...Qd6
{ [%eval -57,12] [%emt 0:00:27] (Qd6) } 37.f5
{ [%eval -65,14] [%emt 0:00:49] (f5) } 37...Kf6
{ [%eval -108,12] [%emt 0:00:22] (Kf6) } 38.Kh1
{ [%eval -67,14] [%emt 0:01:00] (Qxe6) } 38...exf5
{ [%eval -162,11] [%emt 0:00:23] (exf5) } 39.gxf5
{ [%eval -67,14] [%emt 0:00:58] (gxf5) } 39...h5
{ [%eval -159,11] [%emt 0:00:21] (Kxf5) } 40.a4
{ [%eval -80,13] [%emt 0:01:14] (Kg2) } 40...h4
{ [%eval -169,11] [%emt 0:00:16] (Kxf5) } 41.Qc8
{ [%eval -79,13] [%emt 0:00:34] (Qd3) } 41...Qd5+
{ [%eval -154,13] [%emt 0:00: 49] (Qd5) } 42.Kh2
{ [%eval -82,13] [%emt 0:00:34] (Kh2) } 42...Qd6+
{ [%eval -139,13] [%emt 0:00:46] (Kg5) } 43.Kh1
{ [%eval 0,16] [%emt 0:00:34] (Kh1) } 43...a5
{ [%eval -93,14] [%emt 0:02:26] (Qd5) } 44.Qe8
{ [%eval -41,13] [%emt 0:00:29] (Kg2) } 44...Kxf5
{ [%eval -150,15] [%emt 0:01:18] (Kxf5) } 45.Qh5+
{ [%eval -46,12] [%emt 0: 00:34] (Qh5) } 45...Ke4
{ [%eval -161,14] [%emt 0:00:43] (Ke4) } 46.Qxh4+
{ [%eval -51, 11] [%emt 0:00:34] (Qxh4) } 46...Kd3
{ [%eval -216,13] [%emt 0:00:41] (Qf4) } 47.Qh8
{ [%eval -73,12] [%emt 0:00:34] (Qe1) } 47...Qxd4
{ [%eval -252,14] [%emt 0:01:23] (Qd5) } 48.Qg8
{ [%eval -88,11] [%emt 0:00:35] (Qh3) } 48...Kc3
{ [%eval -231,12] [%emt 0: 00:42] (Qh4) } 49.Qe6
{ [%eval -168,13] [%emt 0:00:35] (Qe6) } 49...Kb4
{ [%eval -349, 15] [%emt 0:02:14] (Kb4) } 50.Qc6
{ [%eval -164,13] [%emt 0:00:35] (Qc6) } 50...Qc5
{ [%eval -365,15] [%emt 0:02:00] (Qh4) } 51.Qd7
{ [%eval -164,14] [%emt 0:00:35] (Qd7) } 51...b5
{ [%eval -264,14] [%emt 0:01:02] (Qc1) } 52.axb5
{ [%eval -98,13] [%emt 0:00:28] (axb5) } 52...a4
{ [%eval -255,13] [%emt 0:00:33] (a4) } 53.b6
{ [%eval -97,12] [%emt 0:00:35] (b6) } 53...Qxb6
{ [%eval -259,13] [%emt 0:00:33] (Qxb6) } 54.Qd2+
{ [%eval -94,11] [%emt 0:00:35] (Qd2) } 54...Kc4
{ [%eval -262,12] [%emt 0: 00:28] (Kb5) } 55.Qc2+
{ [%eval -94,14] [%emt 0:00:35] (Qc2) } 55...Kb5
{ [%eval -255, 12] [%emt 0:00:28] (Kb5) } 56.Qd3+
{ [%eval -94,13] [%emt 0:00:35] (Qd3) } 56...Kb4
{ [%eval -255,12] [%emt 0:00:23] (Ka5) } 57.Qd2+
{ [%eval 0,17] [%emt 0:00:36] (Qd2) } 57...Ka3
{ [%eval -269,12] [%emt 0:00:28] (Kb5) } 58.Qc1+
{ [%eval -94,12] [%emt 0:00:36] (Qd7) } 58...Qb2
{ [%eval -266,12] [%emt 0:00:27] (Qb2) } 59.Qc7
{ [%eval -98,12] [%emt 0:00:36] (Qc7) } 59...Ka2
{ [%eval -302,13] [%emt 0:00:27] (Qb1) } 60.Qc4+
{ [%eval -105,12] [%emt 0:00:36] (Qc4) } 60...Qb3
{ [%eval -311,13] [%emt 0: 00:27] (Qb3) } 61.Qe2+
{ [%eval -109,13] [%emt 0:00:33] (Qc5) } 61...Ka1
{ [%eval -408, 14] [%emt 0:00:26] (Ka1) } 62.Qe5+
{ [%eval -118,15] [%emt 0:00:37] (Qe5) } 62...Qb2
{ [%eval -381,14] [%emt 0:00:23] (Qb2) } 63.Qc5
{ [%eval -120,15] [%emt 0:00:37] (Qc7) } 63...a3
{ [%eval -419,14] [%emt 0:00:26] (a3) } 64.Kg1
{ [%eval -120,14] [%emt 0:00:37] (Kg1) } 64...a2
{ [%eval -383,13] [%emt 0:00:24] (a2) } 0-1

[Event "41st Amateur D7"]
[Site "ChessGUI4"]
[Date "2013.07.12"]
[Round "36.1"]
[White "Carballo 0.8"]
[Black "ProChess 1.02AD"]
[Result "1-0"]
[BlackElo "2244"]
[ECO "C73"]
[EventDate "2013.??.??"]
[TimeControl "40/1500:40/1500:40/1500"]
[WhiteElo "2273"]

{ i5 Quad } 1.e4 e5 2.Nf3 Nc6 3.Bb5 a6 4.Ba4 d6 5.Bxc6+ bxc6 6.d4 f6 7.Be3 Ne7 8.c4 Ng6 9.Nc3 Be7
{ [%eval -36,12] [%emt 0:03: 37] (Be7) } 10.Qa4
{ [%eval 41,11] [%emt 0:00:36] (Qb3) } 10...Bd7
{ [%eval -23,12] [%emt 0:00:53] (Bd7) } 11.c5
{ [%eval 27,12] [%emt 0:00:35] (Qb3) } 11...exd4
{ [%eval -1,13] [%emt 0:00:45] (Qb8) } 12.Nxd4
{ [%eval 72,14] [%emt 0:00:34] (Nxd4) } 12...Qb8
{ [%eval 7,13] [%emt 0:01:11] (Ne5) } 13.O-O-O
{ [%eval 55,13] [%emt 0:00:33] (O-O-O) } 13...dxc5
{ [%eval 19,12] [%emt 0:00:57] (Qb7) } 14.Nf5
{ [%eval 47, 13] [%emt 0:00:32] (Nf5) } 14...Bf8
{ [%eval 10,11] [%emt 0:00:45] (Bf8) } 15.Qc2
{ [%eval 46,12] [%emt 0:00:32] (Rxd7) } 15...Ne5
{ [%eval 45,11] [%emt 0:00:44] (Qb4) } 16.f4
{ [%eval 43,13] [%emt 0:00:31] (f4) } 16...Nc4
{ [%eval 40,11] [%emt 0:00:46] (Nc4) } 17.b3
{ [%eval 31,12] [%emt 0:00:30] (Bf2) } 17...Nxe3
{ [%eval 52,12] [%emt 0: 01:15] (Nxe3) } 18.Nxe3
{ [%eval 32,13] [%emt 0:00:29] (Nxe3) } 18...Qb4
{ [%eval 55, 11] [%emt 0:00:31] (Qb4) } 19.Kb2
{ [%eval 33,13] [%emt 0:00:29] (Kb2) } 19...O-O-O
{ [%eval 56,11] [%emt 0:00:58] (O-O-O) } 20.Qe2
{ [%eval 24,13] [%emt 0:00:28] (Nc4) } 20...Qb7
{ [%eval 50,11] [%emt 0:00:20] (Qb7) } 21.Nc4
{ [%eval 30,13] [%emt 0: 00:27] (f5) } 21...Re8
{ [%eval 46,11] [%emt 0:02:34] (h5) } 22.e5
{ [%eval 46,11] [%emt 0:00:26] (Na5) } 22...fxe5
{ [%eval 41,10] [%emt 0:00:22] (h5) } 23.Rxd7
{ [%eval 301,14] [%emt 0:00:26] (Na5) } 23...Kxd7
{ [%eval -115,11] [%emt 0:00:23] (Kxd7) } 24.Qg4+
{ [%eval 453,15] [%emt 0:00:25] (Qg4) } 24...Re6
{ [%eval -195,11] [%emt 0:00:14] (Kd8) } 25.Nxe5+
{ [%eval 603,14] [%emt 0:00:24] (Nxe5) } 25...Ke7
{ [%eval -695,12] [%emt 0:00:21] (Ke7) } 26.Rd1
{ [%eval 716,13] [%emt 0:00:24] (Rd1) } 26...Qc8
{ [%eval -635,11] [%emt 0:00:38] (Rd6) } 27.Qf5
{ [%eval 1086,15] [%emt 0:00:23] (Qf5) } 27...Rxe5
{ [%eval -948,13] [%emt 0:00:15] (Rxe5) } 28.Qxc8
{ [%eval 1158,16] [%emt 0:00:23] (Qxc8) } 28...Re6
{ [%eval -1010,13] [%emt 0:00:27] (Re6) } 1-0

[Event "41st Amateur D7"]
[Site "ChessGUI4"]
[Date "2013.07.12"]
[Round "36.2"]
[White "MadChess 1.2"]
[Black "Waxman 2011"]
[Result "1/2-1/2"]
[BlackElo "2256"]
[ECO "A29"]
[EventDate "2013.??.??"]
[TimeControl "40/1500:40/1500:40/1500"]
[WhiteElo "2200"]

{ i5 Quad } 1.c4 e5 2.Nc3 Nf6 3.Nf3 Nc6 4.g3 d5 5.cxd5 Nxd5 6.Bg2 Nb6 7.O-O Be7 8.Rb1 Be6 9.d3 O-O { [%eval 25,12] [%emt 0:00:45] (O-O) } 10.Be3
{ [%eval -7,10] [%emt 0:00:44] (Be3) } 10...Nd5
{ [%eval 23,12] [%emt 0:01:05] (Nd5) } 11.d4
{ [%eval 0,11] [%emt 0:00:37] (Bd2) } 11...f6
{ [%eval 30,12] [%emt 0:01:09] (exd4) } 12.Nxd5
{ [%eval -3,10] [%emt 0:00:18] (Qd2) } 12...Bxd5
{ [%eval 33,12] [%emt 0:00:35] (Bxd5) } 13.dxe5
{ [%eval 4,10] [%emt 0:00:17] (Rc1) } 13...Bxa2
{ [%eval 8,12] [%emt 0:01:08] (Bxa2) } 14.Ra1
{ [%eval 18, 11] [%emt 0:00:29] (exf6) } 14...Bd5
{ [%eval -15,12] [%emt 0:00:47] (Bd5) } 15.exf6
{ [%eval 44,11] [%emt 0:00:39] (Qa4) } 15...Bxf6
{ [%eval 20,11] [%emt 0:00:53] (Bxf6) } 16.Qb1
{ [%eval 14,10] [%emt 0:00:40] (Qd3) } 16...Bb3
{ [%eval -22,12] [%emt 0:00:42] (Bc4) } 17.Bc5
{ [%eval 53,11] [%emt 0:00:53] (Nd2) } 17...Rf7
{ [%eval 0,12] [%emt 0: 01:00] (Rf7) } 18.Ra3
{ [%eval 52,11] [%emt 0:00:48] (Rc1) } 18...Be6
{ [%eval 2,12] [%emt 0:01:02] (Bc4) } 19.e4
{ [%eval 51,11] [%emt 0:00:39] (Qc2) } 19...Rd7
{ [%eval 42,12] [%emt 0:00:41] (Rd7) } 20.Qc1
{ [%eval 44,10] [%emt 0:00:22] (Qc2) } 20...Be7
{ [%eval 37,12] [%emt 0:00:39] (a5) } 21.Re1
{ [%eval 49,10] [%emt 0:00:30] (e5) } 21...Qf8
{ [%eval 35,12] [%emt 0:00:39] (h6) } 22.Bxe7
{ [%eval 58,12] [%emt 0:00:43] (Bxe7) } 22...Qxe7
{ [%eval 31,13] [%emt 0:01:02] (Qxe7) } 23.Bf1
{ [%eval 72,11] [%emt 0:00:48] (Ng5) } 23...Nd4
{ [%eval 32,12] [%emt 0:00:38] (Nd4) } 24.Bc4
{ [%eval 73,11] [%emt 0:00:24] (Ne5) } 24...Nxf3+
{ [%eval 50,14] [%emt 0:00:35] (Nxf3) } 25.Rxf3
{ [%eval 66,12] [%emt 0:00:48] (Rxf3) } 25...Rad8
{ [%eval 30,12] [%emt 0:00: 23] (b6) } 26.Rf5
{ [%eval 75,12] [%emt 0:00:20] (Rf5) } 26...Bxc4
{ [%eval 35,12] [%emt 0:00:25] (Bxc4) } 27.Qxc4+
{ [%eval 76,13] [%emt 0:00:26] (Qxc4) } 27...Kh8
{ [%eval 43,11] [%emt 0:00:13] (Kh8) } 28.Qc5
{ [%eval 91,13] [%emt 0:00:49] (h3) } 28...Qxc5
{ [%eval 35,12] [%emt 0:00:14] (Kg8) } 29.Rxc5
{ [%eval 102,12] [%emt 0:00: 25] (Rxc5) } 29...c6
{ [%eval -9,15] [%emt 0:00:35] (b6) } 30.e5
{ [%eval 98,14] [%emt 0:01:19] (e5) } 30...Rd1
{ [%eval -17,16] [%emt 0:00:44] (Rd2) } 31.Rc1
{ [%eval 93,15] [%emt 0:01:19] (Kf1) } 31...Rxc1
{ [%eval -7,16] [%emt 0:00:39] (Rxc1) } 32.Rxc1
{ [%eval 91,14] [%emt 0:00:27] (Rxc1) } 32...Kg8
{ [%eval -32,16] [%emt 0:00:48] (Kg8) } 33.Rc2
{ [%eval 98,13] [%emt 0:00:32] (Re1) } 33...Kf7
{ [%eval -30,16] [%emt 0:00:31] (Kf7) } 34.f4
{ [%eval 91,13] [%emt 0:00:53] (f4) } 34...Ke6
{ [%eval -35,16] [%emt 0: 01:28] (Ke6) } 35.Kf2
{ [%eval 94,13] [%emt 0:00:48] (Kf2) } 35...g6
{ [%eval -32,16] [%emt 0:01:30] (Rd3) } 36.Kf3
{ [%eval 93,12] [%emt 0:00:49] (Ke3) } 36...Rd3+
{ [%eval -30,16] [%emt 0:00:34] (a5) } 37.Kg4
{ [%eval 97,13] [%emt 0:01:16] (Ke4) } 37...h6
{ [%eval -35,16] [%emt 0:00:28] (a6) } 38.Rg2
{ [%eval 112,15] [%emt 0:01: 24] (Rg2) } 38...c5
{ [%eval -29,16] [%emt 0:00:24] (a5) } 39.h4
{ [%eval 104,15] [%emt 0:01:43] (h4) } 39...Rd4
{ [%eval -32,16] [%emt 0:00:20] (Rd4) } 40.Kf3
{ [%eval 81,14] [%emt 0:01:04] (h5) } 40...h5
{ [%eval -14,16] [%emt 0:00:23] (Rd3) } 41.g4
{ [%eval 84,15] [%emt 0:01:59] (g4) } 41...Rd3+
{ [%eval -22,18] [%emt 0:00:37] (Rb4) } 42.Ke4
{ [%eval 68,16] [%emt 0:01:05] (Ke4) } 42...Rd4+
{ [%eval -24,18] [%emt 0:00:27] (Rd4) } 43.Ke3
{ [%eval 78,16] [%emt 0:00:46] (Ke3) } 43...hxg4
{ [%eval -24, 17] [%emt 0:00:11] (Rb4) } 44.Rxg4
{ [%eval 120,16] [%emt 0:02:01] (Rxg4) } 44...Kf7
{ [%eval -27,17] [%emt 0:00:50] (Kf7) } 45.e6+
{ [%eval 122,15] [%emt 0:01:04] (Rg2) } 45...Kf6
{ [%eval -2,18] [%emt 0:00:34] (Kf6) } 46.e7
{ [%eval 66,16] [%emt 0: 01:23] (e7) } 46...Kxe7
{ [%eval -1,17] [%emt 0:00:08] (Kxe7) } 47.Rxg6
{ [%eval 60,15] [%emt 0:00:52] (Rxg6) } 47...Rb4
{ [%eval -1,17] [%emt 0:00:31] (b6) } 48.Rg2
{ [%eval 79,15] [%emt 0:00:43] (Rg2) } 48...Kf6
{ [%eval -24,18] [%emt 0:00:41] (Rb3) } 49.Kf3
{ [%eval 93,15] [%emt 0:00:45] (Kf3) } 49...Kf5
{ [%eval -21,19] [%emt 0:00:44] (Kf5) } 50.Rg5+
{ [%eval 75,16] [%emt 0:01:13] (Rg5) } 50...Kf6
{ [%eval -23,18] [%emt 0:00:21] (Kf6) } 51.Rxc5
{ [%eval 81,15] [%emt 0:00:46] (h5) } 51...Rxb2
{ [%eval -21, 17] [%emt 0:00:27] (Rxb2) } 52.h5
{ [%eval 60,14] [%emt 0:00:36] (Kg3) } 52...Rh2
{ [%eval -21,18] [%emt 0:00:42] (b6) } 53.Kg3
{ [%eval 63,14] [%emt 0:00:40] (Kg3) } 53...Rh1
{ [%eval -17,18] [%emt 0:00:29] (Rh1) } 54.Kg4
{ [%eval 59,14] [%emt 0:00: 18] (Rc7) } 54...Rg1+
{ [%eval -17,19] [%emt 0:00:27] (Rg1) } 55.Kf3
{ [%eval 59,14] [%emt 0:00:29] (Kf3) } 55...Rf1+
{ [%eval -17,19] [%emt 0:00:42] (b6) } 56.Ke3
{ [%eval 59,14] [%emt 0:00:21] (Ke3) } 56...Rh1
{ [%eval -17,19] [%emt 0:01:10] (b6) } 57.Ke4
{ [%eval 55,13] [%emt 0:00:23] (Rg5) } 57...Re1+
{ [%eval -12,18] [%emt 0:00: 29] (b6) } 58.Kd3
{ [%eval 39,15] [%emt 0:00:42] (Kd3) } 58...Rf1
{ [%eval -12,18] [%emt 0:00:42] (Rf1) } 59.Rc8
{ [%eval 28,14] [%emt 0:00:23] (Rc8) } 59...Rh1
{ [%eval -7,18] [%emt 0:00:47] (Rh1) } 60.Rc7
{ [%eval 24,14] [%emt 0:00:33] (Rf8) } 60...b6
{ [%eval -5,18] [%emt 0:00:34] (b6) } 61.Rxa7
{ [%eval 19,14] [%emt 0:00:27] (Rxa7) } 61...Rxh5
{ [%eval -14,14] [%emt 0:00:27] (Rxh5) } 62.Ke4
{ [%eval 28,13] [%emt 0:00:18] (Ke4) } 62...Rb5
{ [%eval -1,16] [%emt 0:00:44] (Rb5) } 63.Ra8
{ [%eval 16,14] [%emt 0:00:23] (Ra8) } 63...Rb4+
{ [%eval 0,16] [%emt 0:00:35] (Rb4) } 64.Kf3
{ [%eval 3,14] [%emt 0:00:20] (Kf3) } 64...Rb1
{ [%eval 0,16] [%emt 0:00:34] (b5) } 65.Rf8+
{ [%eval 0,14] [%emt 0:00:19] (Ke3) } 65...Ke6
{ [%eval 0,16] [%emt 0: 01:00] (Kg7) } 66.Ke4
{ [%eval 3,14] [%emt 0:00:27] (Rb8) } 66...Rb4+
{ [%eval 0,16] [%emt 0:00:33] (Re1) } 67.Ke3
{ [%eval 0,15] [%emt 0:00:27] (Ke3) } 67...b5
{ [%eval 0, 17] [%emt 0:00:52] (Rb1) } 68.Rb8
{ [%eval 0,14] [%emt 0:00:31] (Re8) } 68...Rb3+
{ [%eval 0,17] [%emt 0:00:35] (Rb3) } 69.Ke4
{ [%eval 0,15] [%emt 0:00:16] (Ke4) } 69...Rb4+
{ [%eval 0,18] [%emt 0:00:42] (Rb4) } 70.Kf3 Rb1 { [%eval 0,16] [%emt 0:00:35] (Rb1) } 71.Ke4
{ [%eval 0,15] [%emt 0:00:08] (Kg4) } 71...Rb4+
{ [%eval 0,18] [%emt 0:00:40] (Rb4) } 72.Kf3 Rb1
{ [%eval 0,18] [%emt 0:00:39] (Rb1) } 73.Ke4 Rb4+
{ [%eval 0,18] [%emt 0:00:47] (Rb4) } 1/2-1/2